[Event "January 9 Early 2024"]
[Site "https://www.chess.com"]
[Date "2024.01.11"]
[Round "5"]
[White "Gubajdullin, Alexei"]
[Black "Kazakouski, Valery"]
[Result "1-0"]
[Board "223"]
[TimeControl "180+1"]
[WhiteFideId "4141202"]
[BlackFideId "13507443"]
[WhiteElo "2651"]
[BlackElo "2825"]
[WhiteTeam "RUS"]
[BlackTeam "LTU"]
[WhiteClock "0:00:18"]
[BlackClock "0:00:01"]

1. d4 Nf6 2. Nf3 e6 3. Bf4 c5 4. e3 b6 5. Nbd2 cxd4 6. exd4 Be7 7. h3 O-O 8. c3 d6 9. Be2 Ba6 10. Bxa6 Nxa6 11. O-O Nc7 12. a4 h6 13. Qe2 Qd7 14. Nc4 Qc6 15. Nfd2 a6 16. a5 b5 17. Nb6 Ncd5 18. Nxd5 Nxd5 19. Bg3 Rfe8 20. Rfc1 Rac8 21. Qf3 Nf6 22. Qxc6 Rxc6 23. b3 d5 24. c4 bxc4 25. bxc4 dxc4 26. Rxc4 Rxc4 27. Nxc4 Rc8 28. Nb6 Rc2 29. f3 Nh5 30. Be5 f6 31. Bb8 g5 32. g4 Nf4 33. Bxf4 gxf4 34. d5 e5 35. Kh1 Kf7 36. Ra4 Rc5 37. Rc4 Rxc4 38. Nxc4 Bb4 39. Kg2 Ke7 40. Kf1 Bc5 41. Ke2 Bb4 42. Kd3 Be1 43. Ke4 Bb4 44. Kf5 Kf7 45. h4 Be1 46. h5 Bb4 47. d6 Bc5 48. d7 Ke7 49. d8=Q+ Kxd8 50. Kxf6 e4 51. fxe4 f3 52. Kf7 f2 53. Nd2 1-0

[Event "January 9 Early 2024"]
[Site "https://www.chess.com"]
[Date "2024.01.11"]
[Round "5"]
[White "Rogov, Matfey"]
[Black "Banzea, Alexandru-Bogdan"]
[Result "0-1"]
[Board "224"]
[TimeControl "180+1"]
[WhiteFideId "44191308"]
[BlackFideId "1232622"]
[WhiteElo "2548"]
[BlackElo "2714"]
[WhiteTeam "RUS"]
[BlackTeam "ROU"]
[WhiteClock "0:00:06"]
[BlackClock "0:00:06"]

1. e4 c6 2. d4 d5 3. f3 e6 4. Nc3 Nf6 5. e5 Nfd7 6. f4 c5 7. Nf3 Nc6 8. Be3 Be7 9. Qd2 O-O 10. dxc5 Qa5 11. O-O-O b6 12. Bb5 Nb4 13. a3 bxc5 14. Kb1 Rb8 15. axb4 cxb4 16. Nxd5 exd5 17. Bxd7 Bxd7 18. Qxd5 Qxd5 19. Rxd5 Bc6 20. Ra5 b3 21. c3 Rfd8 22. Bd4 Be4+ 23. Kc1 Rbc8 24. Rxa7 Bxf3 25. Rxe7 Rxd4 26. gxf3 Rxf4 27. e6 Rxf3 28. Rg1 g6 29. Kd2 Rd8+ 30. Rd7 Re8 31. e7 f5 32. Re1 Rf2+ 33. Kd3 Rxb2 34. c4 Rxh2 35. c5 Rc2 36. Kd4 Rd2+ 37. Ke5 Rxd7 38. Kf6 b2 39. c6 Rdxe7 40. Rxe7 Rxe7 41. Kxe7 b1=Q 42. c7 Qc2 43. Kf6 f4 44. Kg5 f3 45. Kh6 f2 46. c8=Q+ Qxc8 47. Kg5 f1=Q 48. Kh6 Qf4# 0-1

[Event "January 9 Early 2024"]
[Site "https://www.chess.com"]
[Date "2024.01.11"]
[Round "5"]
[White "Rojas Salas, Steven"]
[Black "Hoffmann, Asa"]
[Result "1-0"]
[Board "225"]
[TimeControl "180+1"]
[WhiteFideId "3819434"]
[BlackFideId "2001470"]
[WhiteElo "2642"]
[BlackElo "2380"]
[WhiteTeam "PER"]
[BlackTeam "USA"]
[WhiteClock "0:00:07"]
[BlackClock "0:00:01"]

1. d4 Nf6 2. c4 c5 3. d5 e5 4. Nc3 d6 5. e4 Be7 6. Nf3 Nbd7 7. Bd3 Nf8 8. Nd2 Ng6 9. Nf1 O-O 10. Ne3 Ne8 11. g3 Bg5 12. h4 Bh6 13. Be2 a6 14. a4 b6 15. Bg4 Nf6 16. Bxc8 Qxc8 17. Nf5 Bxc1 18. Qxc1 Nxe4 19. Nh6+ gxh6 20. Nxe4 f5 21. Nc3 Kg7 22. a5 Rb8 23. Kf1 e4 24. Ne2 Ne5 25. Nf4 Kh8 26. Ne6 Rf6 27. Qc3 Rxe6 28. dxe6 Qxe6 29. Kg2 f4 30. Rae1 e3 31. fxe3 f3+ 32. Kf2 bxa5 33. Rd1 Rg8 34. Rhg1 Qh3 35. Rd2 Rg7 36. Ke1 Rxg3 37. Rf1 Qxh4 38. Kd1 Qe4 39. Rxd6 Qb1+ 40. Qc1 Qxc1+ 41. Kxc1 Nxc4 42. Re6 Kg7 43. b3 Na3 44. Rxa6 Nb5 45. Rxa5 Nc3 46. Rxc5 Ne4 47. Re5 Ng5 48. b4 Rg4 49. b5 Rb4 50. Kc2 Kf6 51. Rc5 1-0

[Event "January 9 Early 2024"]
[Site "https://www.chess.com"]
[Date "2024.01.11"]
[Round "5"]
[White "Delgado Kuffo, Andres"]
[Black "Ronka, Erik"]
[Result "0-1"]
[Board "226"]
[TimeControl "180+1"]
[WhiteFideId "3600475"]
[BlackFideId "505080"]
[WhiteElo "2312"]
[BlackElo "2519"]
[WhiteTeam "ECU"]
[BlackTeam "FIN"]
[WhiteClock "0:00:01"]
[BlackClock "0:00:03"]

1. e4 c5 2. Nf3 e6 3. c3 Nf6 4. Bd3 d5 5. e5 Nfd7 6. Bc2 d4 7. b4 dxc3 8. Nxc3 cxb4 9. Ne4 Nc6 10. d4 Be7 11. h4 b6 12. Bg5 Ba6 13. Nd6+ Kf8 14. Be4 Rc8 15. Qa4 Na5 16. Nxc8 Qxc8 17. Rc1 Qd8 18. Bxe7+ Qxe7 19. Rc7 Ke8 20. Rxa7 Bc8 21. O-O Kd8 22. Rc1 Nc5 23. Rxe7 Nxa4 24. Rxf7 Nc3 25. Bd3 Nc6 26. a3 Bd7 27. axb4 Na2 28. Ra1 Naxb4 29. Ra8+ Bc8 30. Be4 Nd5 31. Bxd5 exd5 32. Ng5 Re8 33. e6 b5 34. Nxh7 b4 35. Rxg7 b3 36. Ra1 Nxd4 37. Rb1 Rxe6 38. Ng5 Re2 39. Nf7+ Kc7 40. Ne5+ Kd6 41. Nd3 Bf5 42. Rg3 Bxd3 43. Rxd3 b2 44. Rc3 Ke5 0-1

[Event "January 9 Early 2024"]
[Site "https://www.chess.com"]
[Date "2024.01.11"]
[Round "5"]
[White "Tifferet, Shakked"]
[Black "Rodriguez Avila, Alvaro"]
[Result "1-0"]
[Board "227"]
[TimeControl "180+1"]
[WhiteFideId "2811529"]
[BlackFideId "24570249"]
[WhiteElo "2488"]
[BlackElo "2307"]
[WhiteTeam "ISR"]
[BlackTeam "ESP"]
[WhiteClock "0:00:06"]
[BlackClock "0:00:01"]

1. c4 e5 2. d3 Nc6 3. Nc3 Bc5 4. a3 a6 5. e3 Nf6 6. Nf3 O-O 7. Be2 Ba7 8. O-O d5 9. cxd5 Nxd5 10. Nxd5 Qxd5 11. b4 f6 12. Bb2 Kh8 13. Rc1 Be6 14. Nd2 Qd7 15. Ne4 Rad8 16. Qc2 Bf5 17. Rfd1 Qf7 18. Nc5 Bxc5 19. Qxc5 Qg6 20. e4 Bg4 21. f3 Bh3 22. Qf2 Rd7 23. Qg3 Qxg3 24. hxg3 Be6 25. Kf2 Rfd8 26. Bf1 Kg8 27. g4 Bb3 28. Re1 Ba4 29. Ke3 Bb5 30. Red1 Rd6 31. Be2 R8d7 32. Rc5 b6 33. Rcc1 Kf8 34. Rd2 Ke7 35. g3 a5 36. Bc3 axb4 37. axb4 Rd8 38. Rh1 h6 39. f4 Ra8 40. g5 hxg5 41. fxg5 Ra3 42. gxf6+ gxf6 43. Rc2 1-0

[Event "January 9 Early 2024"]
[Site "https://www.chess.com"]
[Date "2024.01.11"]
[Round "5"]
[White "Isajevsky, Anton"]
[Black "Kleibel, Uwe"]
[Result "1-0"]
[Board "228"]
[TimeControl "180+1"]
[WhiteFideId "4142500"]
[BlackFideId "1270982"]
[WhiteElo "2636"]
[BlackElo "2374"]
[WhiteTeam "RUS"]
[BlackTeam "GER"]
[WhiteClock "0:00:01"]
[BlackClock "0:00:02"]

1. c4 e6 2. Nf3 d5 3. e3 Nf6 4. Nc3 a6 5. b3 Bd6 6. Bb2 O-O 7. g3 b6 8. Bg2 Bb7 9. O-O Nbd7 10. cxd5 exd5 11. d4 Re8 12. Rc1 Qe7 13. Rc2 Ne4 14. Ne2 f5 15. Nf4 g5 16. Nd3 g4 17. Nfe5 Ndf6 18. Nc6 Qg7 19. a4 a5 20. Qc1 Ba6 21. Rd1 h5 22. Ba3 h4 23. Bxd6 cxd6 24. Nf4 Qh6 25. b4 hxg3 26. hxg3 Kg7 27. b5 Bb7 28. Nd8 Raxd8 29. Rc7+ Rd7 30. Rxd7+ Nxd7 31. Qc7 Bc8 32. Nxd5 Rh8 33. Nxb6 Nxg3 34. fxg3 Qxe3+ 35. Kf1 Re8 36. Qc2 Qxg3 37. Nd5 Nf6 38. Nxf6 Kxf6 39. Qd3 Re3 40. Qc4 Rf3+ 41. Kg1 Qf2+ 42. Kh1 1-0

[Event "January 9 Early 2024"]
[Site "https://www.chess.com"]
[Date "2024.01.11"]
[Round "5"]
[White "Perez Gormaz, Matias"]
[Black "Shevchuk, Olexandr"]
[Result "0-1"]
[Board "229"]
[TimeControl "180+1"]
[WhiteFideId "3406342"]
[BlackFideId "14113775"]
[WhiteElo "2666"]
[BlackElo "2512"]
[WhiteTeam "CHI"]
[BlackTeam "UKR"]
[WhiteClock "0:00:01"]
[BlackClock "0:00:14"]

1. d4 e6 2. Bf4 c5 3. e3 Nc6 4. c3 Qb6 5. Qb3 Nf6 6. Nd2 d5 7. Ngf3 Be7 8. h3 O-O 9. Be2 Bd7 10. O-O Rac8 11. Rfc1 h6 12. Rab1 Na5 13. Qxb6 axb6 14. Ne5 Rfd8 15. a3 c4 16. g4 Ba4 17. Re1 Ne8 18. Bg3 g6 19. e4 Bc2 20. Rbc1 Bxe4 21. Nxe4 dxe4 22. Bf1 f5 23. Nxg6 Bf6 24. Rcd1 Kf7 25. Nf4 Nc7 26. gxf5 exf5 27. d5 Be5 28. Ne6 Nxe6 29. Bxe5 Nc5 30. Be2 Nd3 31. Bxd3 cxd3 32. d6 Nc4 33. Bf4 Nxd6 34. f3 Rc4 35. Kf2 Nb5 36. fxe4 fxe4 37. Bxh6 Rd5 38. Be3 Nd6 39. Bxb6 Rb5 40. Bd4 Rxb2+ 41. Ke3 Rh2 42. Rf1+ Ke7 43. Kf4 Rxh3 44. Ke5 Rh5+ 45. Kf4 Rf5+ 46. Kg4 Rxf1 47. Rxf1 d2 48. Rd1 e3 49. Kf3 Nf5 50. Bxe3 Rxc3 51. Rxd2 Nxe3 52. Kf4 Rxa3 53. Rc2 Nxc2 0-1

[Event "January 9 Early 2024"]
[Site "https://www.chess.com"]
[Date "2024.01.11"]
[Round "5"]
[White "Abdulrahman Mohammad, Al Taher"]
[Black "Nowak, Lukasz"]
[Result "1-0"]
[Board "230"]
[TimeControl "180+1"]
[WhiteFideId "9310258"]
[BlackFideId "1166760"]
[WhiteElo "2219"]
[BlackElo "1996"]
[WhiteTeam "UAE"]
[BlackTeam "POL"]
[WhiteClock "0:00:01"]
[BlackClock "0:00:02"]

1. d4 d5 2. c4 e6 3. Nc3 Be7 4. cxd5 exd5 5. Bf4 Nf6 6. e3 O-O 7. Bd3 c6 8. h3 Bd6 9. Bxd6 Qxd6 10. Nf3 Re8 11. Qc2 Nbd7 12. O-O Nf8 13. Rab1 a5 14. a3 b5 15. Ne2 Ba6 16. Rbc1 Rac8 17. Bf5 N6d7 18. Nf4 g6 19. Bd3 Nb6 20. Ne5 Nc4 21. Bxc4 bxc4 22. Rfd1 f6 23. Nf3 Rb8 24. Ne2 Rb7 25. Nc3 Reb8 26. Rb1 Nd7 27. Rd2 Nb6 28. Na4 Re7 29. Nc5 Bc8 30. Rdd1 Bf5 31. e4 Bxe4 32. Nxe4 Rxe4 33. b3 cxb3 34. Rxb3 Nc4 35. Rc3 Rb2 36. Qa4 Ree2 37. Rf1 Kg7 38. Rb3 Nd2 39. Nxd2 Rbxd2 40. Rb7+ Kh6 41. Qxa5 Qf4 42. Qc3 Rxf2 43. Qc1 1-0

[Event "January 9 Early 2024"]
[Site "https://www.chess.com"]
[Date "2024.01.11"]
[Round "5"]
[White "Yushko, Olga"]
[Black "Barbot, Pierre"]
[Result "0-1"]
[Board "231"]
[TimeControl "180+1"]
[WhiteFideId "14114500"]
[BlackFideId "663727"]
[WhiteElo "2114"]
[BlackElo "2294"]
[WhiteTeam "UKR"]
[BlackTeam "FRA"]
[WhiteClock "0:00:01"]
[BlackClock "0:00:06"]

1. d4 Nf6 2. c4 g6 3. Nc3 d5 4. Nf3 Bg7 5. Bf4 O-O 6. e3 c5 7. Be2 cxd4 8. Nxd4 Nc6 9. Nxc6 bxc6 10. O-O a5 11. Qa4 Bd7 12. Rfd1 Qb6 13. Qa3 Rfe8 14. Na4 Qa7 15. Nc5 Bf5 16. Be5 Nd7 17. Nxd7 Qxd7 18. Bxg7 Kxg7 19. cxd5 cxd5 20. Bf3 Be6 21. Qd3 Rad8 22. Qc3+ f6 23. Qxa5 Bf7 24. Rd2 Ra8 25. Qc3 Qb5 26. Qd3 Qa5 27. h3 Rab8 28. b3 Red8 29. Rad1 e5 30. Be2 Qa7 31. Rc1 Rd6 32. Rdc2 Rb7 33. Rc5 Rbd7 34. Qb5 d4 35. exd4 exd4 36. Bd3 Qxa2 37. Rc7 Qd2 38. R1c2 Qe1+ 39. Kh2 Rxc7 40. Rxc7 Qxf2 41. Rc1 Qf4+ 42. Kg1 Qxc1+ 43. Kf2 Qf4+ 44. Ke2 Qe3+ 45. Kd1 g5 0-1

[Event "January 9 Early 2024"]
[Site "https://www.chess.com"]
[Date "2024.01.11"]
[Round "5"]
[White "Vokhidov, Shamsiddin"]
[Black "Wojtaszek, Radoslaw"]
[Result "0-1"]
[Board "232"]
[TimeControl "180+1"]
[WhiteFideId "14204223"]
[BlackFideId "1118358"]
[WhiteElo "2995"]
[BlackElo "2914"]
[WhiteTeam "UZB"]
[BlackTeam "POL"]
[WhiteClock "0:01:20"]
[BlackClock "0:00:14"]

1. e4 c6 2. Nf3 d5 3. Nc3 Bg4 4. h3 Bxf3 5. Qxf3 e6 6. Be2 Nf6 7. d4 dxe4 8. Qe3 Be7 9. Nxe4 Nxe4 10. Qxe4 Nd7 11. c3 Nf6 12. Qf3 O-O 13. O-O Qd5 14. Qg3 Bd6 15. Qh4 Qe4 16. Qxe4 Nxe4 17. Bf3 Nf6 18. g3 Rfd8 19. Re1 a5 20. Kg2 a4 21. a3 h6 22. h4 Nd5 23. Bd2 Be7 24. Rad1 Bf6 25. Bc1 Rd7 26. Re2 Rad8 27. h5 Kf8 28. Rde1 Nb6 29. Be4 Nd5 30. f4 b5 31. g4 Bh4 32. Rh1 Be7 33. g5 c5 34. dxc5 Bxc5 35. f5 exf5 36. Bxf5 Rd6 37. gxh6 gxh6 38. Rf1 Rf6 39. Rf3 Rdd6 40. Re5 Bb6 41. Be4 Rxf3 42. Bxf3 Nc7 43. Bf4 Rf6 44. Bg3 Rd6 45. Bf4 Rf6 46. Bd2 Rd6 47. Re2 Rf6 48. Be1 Ne6 49. Re4 Ng5 50. Bh4 Nxe4 51. Bxf6 Nxf6 52. Bc6 Be3 53. Bxb5 Bc1 54. Bxa4 Bxb2 55. Bd1 Bxa3 56. Kf3 Bd6 57. Ke3 Ke7 58. c4 Bc5+ 59. Kf4 Ke6 60. Be2 Bd6+ 61. Kf3 Ke5 62. Ke3 Bc5+ 63. Kd3 Kf4 64. Bd1 Kg5 65. Ke2 Kxh5 66. Kf3 Kg5 67. Kg2 h5 68. Kh3 h4 69. Be2 Ne4 70. Bf1 f5 71. Kg2 Kf4 72. Bd3 h3+ 73. Kh2 Ng5 74. Bf1 Bf2 75. Bxh3 Nxh3 76. Kxh3 Bc5 77. Kg2 Ke4 78. Kh3 f4 79. Kg4 f3 80. Kg5 f2 81. Kf6 f1=Q+ 82. Ke6 Qf5# 0-1

[Event "January 9 Early 2024"]
[Site "https://www.chess.com"]
[Date "2024.01.11"]
[Round "5"]
[White "Coca Cubillos, Jesus Alberto"]
[Black "Garbarino, Rodolfo"]
[Result "1-0"]
[Board "233"]
[TimeControl "180+1"]
[WhiteFideId "4462912"]
[BlackFideId "100412"]
[WhiteElo "2576"]
[BlackElo "2367"]
[WhiteTeam "COL"]
[BlackTeam "ARG"]
[WhiteClock "0:00:02"]
[BlackClock "0:00:03"]

1. f4 e5 2. fxe5 d6 3. exd6 Bxd6 4. Nf3 Nc6 5. d4 Bg4 6. e3 Qe7 7. Be2 O-O-O 8. O-O Nf6 9. c3 Ne4 10. Qc2 f5 11. Nbd2 g5 12. Bd3 Rde8 13. a3 Kb8 14. b4 h5 15. Nc4 Bxf3 16. gxf3 Nf6 17. Bxf5 g4 18. f4 h4 19. Ne5 g3 20. h3 g2 21. Rf2 Rhg8 22. e4 Bxe5 23. fxe5 Nxe5 24. dxe5 Qxe5 25. Bf4 Qe7 26. Rxg2 Rxg2+ 27. Kxg2 Rg8+ 28. Kh2 Nh5 29. Qf2 Qd8 30. Rg1 Rxg1 31. Kxg1 Qd1+ 32. Kg2 a5 33. Be5 Qc1 34. Bg4 Ng3 35. Bxg3 hxg3 36. Qf8+ Ka7 37. Qc5+ Kb8 38. Kxg3 Qxa3 39. Kf4 Qc1+ 40. Kf5 a4 41. Ke6 a3 42. Kd7 Qd2+ 43. Ke8 a2 44. Qf5 Ka7 45. Qa5+ Kb8 46. Bf5 Qb2 47. Kd8 a1=Q 48. Qxc7+ Ka8 49. Qc8+ 1-0

[Event "January 9 Early 2024"]
[Site "https://www.chess.com"]
[Date "2024.01.11"]
[Round "5"]
[White "Hon, Eric"]
[Black "Herman, Matthew"]
[Result "0-1"]
[Board "234"]
[TimeControl "180+1"]
[WhiteFideId "2097117"]
[BlackFideId "2028964"]
[WhiteElo "2277"]
[BlackElo "2519"]
[WhiteTeam "USA"]
[BlackTeam "USA"]
[WhiteClock "0:00:04"]
[BlackClock "0:00:04"]

1. e4 e5 2. Nf3 Nc6 3. Bc4 Nf6 4. d3 Be7 5. c3 O-O 6. Bb3 d6 7. h3 Na5 8. Bc2 c5 9. Nbd2 Re8 10. Nf1 h6 11. g4 d5 12. Ng3 dxe4 13. Nxe4 Nxe4 14. dxe4 Qxd1+ 15. Bxd1 f6 16. Be2 Be6 17. b3 Red8 18. Be3 a6 19. O-O c4 20. b4 Nc6 21. Rfd1 Rxd1+ 22. Rxd1 b5 23. Nh4 Kf7 24. Nf5 a5 25. Nxe7 Kxe7 26. Bc5+ Kf7 27. Rd6 axb4 28. Rxc6 bxc3 29. Be3 Rxa2 30. Bf1 c2 31. Rc5 Rb2 32. Kg2 Rb1 33. Rc7+ Kg8 34. Rc5 Bf7 35. h4 Be8 36. g5 hxg5 37. hxg5 c1=Q 38. Bxc1 Rxc1 39. gxf6 gxf6 40. Be2 Kf8 41. Rc8 Ke7 42. Rc7+ Kd8 43. Rc5 Rc2 44. Rd5+ Ke7 45. Bg4 b4 46. Ra5 b3 47. Ra7+ Kd6 48. Ra6+ Kc5 49. Rxf6 b2 50. Re6 b1=Q 51. Rxe8 Qc1 52. Rc8+ Kb4 53. Rb8+ Kc3 54. Be6 Qf4 55. Bd5 Rxf2+ 56. Kh1 Qh2# 0-1

[Event "January 9 Early 2024"]
[Site "https://www.chess.com"]
[Date "2024.01.11"]
[Round "5"]
[White "Essing, Arnold"]
[Black "Lopez Idarraga, Daniel Eduardo"]
[Result "1/2-1/2"]
[Board "235"]
[TimeControl "180+1"]
[WhiteFideId "4619862"]
[BlackFideId "4405501"]
[WhiteElo "2268"]
[BlackElo "2412"]
[WhiteTeam "GER"]
[BlackTeam "COL"]
[WhiteClock "0:00:07"]
[BlackClock "0:00:18"]

1. d4 d5 2. Nf3 Nf6 3. c4 c6 4. Nc3 a6 5. cxd5 cxd5 6. Bg5 e6 7. e3 Nc6 8. Bd3 Be7 9. O-O O-O 10. Rc1 Bd7 11. Bb1 h6 12. Bh4 b5 13. a3 Na5 14. Qd3 g6 15. Ne5 Be8 16. f4 Nc4 17. Qe2 Rc8 18. Rfd1 Nd6 19. b3 Nfe4 20. Nxe4 Rxc1 21. Rxc1 Bxh4 22. Nxd6 Qxd6 23. b4 Bd7 24. Nxd7 Qxd7 25. Qc2 Kg7 26. Qc6 Qxc6 27. Rxc6 Ra8 28. Bd3 a5 29. g3 Be7 30. Bxb5 axb4 31. axb4 Ra2 32. Rc7 Bxb4 33. Be8 Bd2 34. Bxf7 Bxe3+ 35. Kf1 Kf6 36. Be8 Kf5 37. Rc3 Bxd4 38. Rd3 Bc5 39. h3 h5 40. Bd7 Rf2+ 41. Ke1 Rh2 42. Rxd5+ Ke4 43. Rxc5 Rxh3 44. Bxe6 Rxg3 45. Bf7 Kxf4 46. Kf2 Rf3+ 47. Kg2 Rg3+ 48. Kf2 Rg5 49. Rxg5 Kxg5 50. Kg3 Kf6 51. Bxg6 Kxg6 52. Kh4 Kh6 53. Kh3 Kg5 54. Kg3 h4+ 55. Kh3 Kh5 56. Kh2 Kg4 57. Kg2 h3+ 58. Kh2 Kh4 59. Kh1 Kg3 60. Kg1 h2+ 61. Kh1 Kh3 1/2-1/2

[Event "January 9 Early 2024"]
[Site "https://www.chess.com"]
[Date "2024.01.11"]
[Round "5"]
[White "Sychev, Klementy"]
[Black "Sanhueza, Cristian"]
[Result "0-1"]
[Board "236"]
[TimeControl "180+1"]
[WhiteFideId "4114060"]
[BlackFideId "116815"]
[WhiteElo "2802"]
[BlackElo "2632"]
[WhiteTeam "FID"]
[BlackTeam "ARG"]
[WhiteClock "0:00:04"]
[BlackClock "0:00:05"]

1. e4 e5 2. Nc3 Nf6 3. f4 d5 4. fxe5 Nxe4 5. Qf3 Nc6 6. Bb5 Nxc3 7. dxc3 Bc5 8. Qg3 a6 9. Bxc6+ bxc6 10. Nf3 g6 11. Bg5 Be7 12. O-O Be6 13. Rad1 O-O 14. Bxe7 Qxe7 15. Ng5 f6 16. exf6 Rxf6 17. Qe5 Raf8 18. Rxf6 Rxf6 19. Re1 Qc5+ 20. Kh1 Qf2 21. h3 Bf7 22. Nxf7 Rxf7 23. Re3 Qxc2 24. Qe8+ Kg7 25. Qe5+ Kg8 26. Qe6 Qf5 27. Qe8+ Kg7 28. Qe5+ Qxe5 29. Rxe5 Rf2 30. c4 Rxb2 31. cxd5 cxd5 32. Rxd5 Rxa2 33. Rd7+ Kf6 34. Rxc7 h5 35. Rc6+ Kf5 36. Kh2 h4 37. Rc5+ Kf6 38. Rc6+ Kg7 39. Rc7+ Kh6 40. Rc4 g5 41. Rc6+ Kh5 42. Kg1 a5 43. Kh2 a4 44. Kg1 a3 45. Kh2 Rb2 46. Ra6 a2 47. Ra4 Kg6 48. Ra5 Kf6 49. Ra6+ Ke5 50. Ra8 Kd4 51. Rd8+ Kc3 52. Rc8+ Kd3 53. Rd8+ Kc2 0-1

[Event "January 9 Early 2024"]
[Site "https://www.chess.com"]
[Date "2024.01.11"]
[Round "5"]
[White "Klukin, Kirill"]
[Black "Rietze, Clemens, Dr."]
[Result "1-0"]
[Board "237"]
[TimeControl "180+1"]
[WhiteFideId "24199273"]
[BlackFideId "24620351"]
[WhiteElo "2819"]
[BlackElo "2518"]
[WhiteTeam "RUS"]
[BlackTeam "GER"]
[WhiteClock "0:00:48"]
[BlackClock "0:00:06"]

1. f4 d5 2. Nf3 g6 3. g3 Bg7 4. Bg2 Nf6 5. O-O O-O 6. d3 c5 7. Nc3 d4 8. Na4 Qc7 9. c4 dxc3 10. Nxc3 Nc6 11. Bd2 b6 12. Rc1 Bb7 13. a3 Qd7 14. Qa4 Na5 15. Ne5 Qxa4 16. Nxa4 Bxg2 17. Kxg2 Nb3 18. Rcd1 Nxd2 19. Rxd2 Nd5 20. Kf3 Rac8 21. Nc3 Rfd8 22. Nxd5 Rxd5 23. Nc4 h5 24. Rc1 Rcd8 25. b4 cxb4 26. axb4 Rb5 27. Ra2 Rd7 28. Ra4 Rd4 29. Rxa7 Rxb4 30. Rxe7 Bf6 31. Rb7 b5 32. Ne3 Rd8 33. Rcc7 Rb2 34. Rxf7 Bd4 35. Nd5 Re8 36. Rfe7 Kf8 37. Rxe8+ Kxe8 38. Rxb5 Ra2 39. Rb4 Bc5 40. Rc4 Bd6 41. Nf6+ Kf7 42. Ne4 Bf8 43. Rc7+ Ke6 44. h3 Ra1 45. Rc6+ Kf7 46. Ng5+ Ke8 47. Rxg6 Rf1+ 48. Ke4 Rg1 49. Nf3 Rg2 50. e3 Bc5 51. d4 Ba3 52. g4 hxg4 53. hxg4 Re2 54. Kd3 Rf2 55. Ne5 Bc1 56. Re6+ Kd8 57. Rc6 Rf1 58. g5 Re1 59. Ng4 Rg1 60. Ke4 Bd2 61. Kf5 Re1 62. g6 Bxe3 63. g7 Bxd4 64. g8=Q+ Kd7 65. Qd5+ Ke7 66. Re6+ Rxe6 67. Qxe6+ Kd8 68. Qf7 Bc5 69. Ke6 Kc8 70. Ne5 Kb8 71. Nc6+ Ka8 72. Na5 1-0

[Event "January 9 Early 2024"]
[Site "https://www.chess.com"]
[Date "2024.01.11"]
[Round "5"]
[White "Costachi, Mihnea"]
[Black "Pranav, V"]
[Result "0-1"]
[Board "238"]
[TimeControl "180+1"]
[WhiteFideId "1217518"]
[BlackFideId "25060783"]
[WhiteElo "2868"]
[BlackElo "3042"]
[WhiteTeam "ROU"]
[BlackTeam "IND"]
[WhiteClock "0:00:01"]
[BlackClock "0:00:03"]

1. Nc3 e5 2. e4 Nf6 3. Bc4 Nc6 4. d3 Na5 5. Bb3 Nxb3 6. axb3 Bc5 7. Nf3 d6 8. Be3 Bxe3 9. fxe3 h6 10. O-O Be6 11. d4 Nd7 12. Qe1 g5 13. Qg3 f6 14. Nd2 O-O 15. Rf3 Qe7 16. Raf1 c6 17. h4 Kg7 18. Nc4 Bg8 19. hxg5 hxg5 20. dxe5 dxe5 21. Rd1 Nc5 22. Nd6 Bh7 23. b4 Na6 24. b5 Nc7 25. bxc6 bxc6 26. Qg4 Rad8 27. Nf5+ Bxf5 28. Qxf5 Rxd1+ 29. Nxd1 Qe6 30. Rf2 Rd8 31. Nc3 a5 32. g4 Qxf5 33. exf5 Na6 34. Ne4 Nb4 35. c3 Rd1+ 36. Kg2 Nd5 37. Kf3 a4 38. Nc5 Ra1 39. c4 Nb6 40. Rd2 Kf7 41. Ne6 Ke7 42. Nc5 Rc1 43. Ne6 Nxc4 44. Rh2 Kd6 45. Rh8 e4+ 46. Kxe4 Rg1 0-1

[Event "January 9 Early 2024"]
[Site "https://www.chess.com"]
[Date "2024.01.11"]
[Round "5"]
[White "Murzin, Volodar"]
[Black "Bluebaum, Matthias"]
[Result "0-1"]
[Board "239"]
[TimeControl "180+1"]
[WhiteFideId "44155573"]
[BlackFideId "24651516"]
[WhiteElo "2939"]
[BlackElo "3092"]
[WhiteTeam "FID"]
[BlackTeam "GER"]
[WhiteClock "0:00:05"]
[BlackClock "0:00:11"]

1. d4 d5 2. Nf3 e6 3. Bf4 c5 4. e3 Nc6 5. Nbd2 Bd6 6. c3 Bxf4 7. exf4 cxd4 8. Nxd4 Nxd4 9. cxd4 Qb6 10. Nb3 a5 11. Qd2 Nf6 12. Bd3 O-O 13. Rc1 Bd7 14. Nc5 Bb5 15. Bxb5 Qxb5 16. a4 Qb6 17. O-O Rfc8 18. Qd3 Qb4 19. Rc3 b6 20. Rb3 Qc4 21. Qxc4 dxc4 22. Rxb6 Nd5 23. Rb7 Nxf4 24. Rd1 Rab8 25. Kf1 g6 26. g3 Nd5 27. Rc1 Nb6 28. Rxb8 Rxb8 29. Ke2 Rc8 30. f4 h5 31. Ke3 Kf8 32. Ke4 Ke7 33. Rc2 Rc7 34. Kf3 Rc8 35. Ke4 Rb8 36. b3 cxb3 37. Nxb3 Nxa4 38. Nxa5 Kf6 39. Kf3 Rb5 40. Nc6 Rb3+ 41. Kg2 Nc3 42. Ne5 Nd5 43. Kf2 h4 44. Ra2 hxg3+ 45. hxg3 Rb7 46. Rc2 Kf5 47. Ra2 f6 48. Nc4 Rb3 49. Re2 Kg4 50. Rxe6 Rxg3 51. Ke1 Kf5 52. Ra6 Nxf4 53. Kf2 Rc3 54. Nd6+ Kg4 55. Ne4 Rc2+ 56. Kf1 f5 57. Nf2+ Kg5 58. Ra3 Rc1+ 0-1

[Event "January 9 Early 2024"]
[Site "https://www.chess.com"]
[Date "2024.01.11"]
[Round "5"]
[White "Iskusnyh, Sergei"]
[Black "Gholami Orimi, Mahdi"]
[Result "1-0"]
[Board "240"]
[TimeControl "180+1"]
[WhiteFideId "4120027"]
[BlackFideId "12558486"]
[WhiteElo "2685"]
[BlackElo "2866"]
[WhiteTeam "RUS"]
[BlackTeam "IRI"]
[WhiteClock "0:00:20"]
[BlackClock "0:00:11"]

1. d4 b6 2. c4 Bb7 3. Nc3 e6 4. Qc2 f5 5. Nf3 Bb4 6. Bd2 Nf6 7. g3 O-O 8. Bg2 Qe8 9. O-O d6 10. d5 Bxc3 11. Bxc3 Ne4 12. Nd4 exd5 13. cxd5 Bxd5 14. Rad1 Bb7 15. Qb3+ Kh8 16. Ne6 Rf7 17. Nd8 Re7 18. Nxb7 Nd7 19. Bxe4 Rxe4 20. Rxd6 cxd6 21. Nxd6 Qe6 22. Nxe4 Qxb3 23. axb3 fxe4 24. Rd1 Nc5 25. b4 Na4 26. Rd7 Nxc3 27. bxc3 h6 28. b5 a5 29. bxa6 Rxa6 30. Rd4 e3 31. f4 Ra2 32. Kf1 Rd2 33. Rd3 Kh7 34. Rxe3 Rc2 35. Kf2 Kg6 36. Re6+ Kf5 37. Rxb6 Rxc3 38. h3 g5 39. Rb5+ Kf6 40. e3 Rc1 41. Kf3 Kg6 42. Rb6+ Kg7 43. e4 Rh1 44. Kg4 gxf4 45. gxf4 h5+ 46. Kxh5 Rxh3+ 47. Kg5 Rg3+ 48. Kf5 Rh3 49. Rb7+ Kf8 50. e5 Rh5+ 51. Kg6 Rh1 52. f5 Ra1 53. Rb8+ Ke7 54. f6+ Kd7 55. f7 Rg1+ 56. Kh5 Rh1+ 57. Kg4 Rg1+ 58. Kh3 Rh1+ 59. Kg2 1-0

[Event "January 9 Early 2024"]
[Site "https://www.chess.com"]
[Date "2024.01.11"]
[Round "5"]
[White "Ranaldi, Lucas"]
[Black "Tikhonov, Viacheslav"]
[Result "1-0"]
[Board "241"]
[TimeControl "180+1"]
[WhiteFideId "1519484"]
[BlackFideId "44196407"]
[WhiteElo "2690"]
[BlackElo "2537"]
[WhiteTeam "NOR"]
[BlackTeam "RUS"]
[WhiteClock "0:00:10"]
[BlackClock "0:00:10"]

1. Nf3 g6 2. d4 Nf6 3. c4 Bg7 4. Nc3 d5 5. Bg5 Ne4 6. Bh4 c5 7. cxd5 Qa5 8. Qa4+ Qxa4 9. Nxa4 cxd4 10. Rd1 Bd7 11. b3 b5 12. Nb2 Nc3 13. Rd2 Nxd5 14. Nxd4 a6 15. e3 e6 16. Nd3 Nc6 17. Nc5 Nxd4 18. exd4 Rc8 19. Be2 Nb4 20. O-O Bc6 21. a3 Nd5 22. Ne4 O-O 23. Nd6 Ra8 24. Bf3 f6 25. Rc2 Bd7 26. Nb7 Rfc8 27. Nc5 Be8 28. Rfc1 Nc7 29. Nxe6 Nxe6 30. Rxc8 Rxc8 31. Rxc8 Kf7 32. Bd5 Ke7 33. Rxe8+ Kxe8 34. Bxe6 f5 35. d5 a5 36. a4 bxa4 37. bxa4 Be5 38. f3 f4 39. Bf2 h6 40. Kf1 g5 41. Ke2 h5 42. Kd3 g4 43. Ke4 Bd6 44. fxg4 hxg4 45. Bxg4 Ke7 46. Bd4 Kf7 47. Be5 Bc5 48. Bxf4 Kg6 49. Be6 Kh7 50. d6 Bb6 51. d7 Kg6 52. Bd6 Kf6 53. Kd5 Bd8 54. Bh3 Bb6 55. Kc6 Bd8 56. Bc7 Ke7 57. Bxd8+ Kxd8 58. Bg4 Ke7 59. Kc7 Kf7 60. d8=Q Kg7 61. Qd6 1-0